 Dungeon Crawl Stone Soup version 0.30.0-13-g156ef70053 (webtiles) character file.

Game seed: 13073666845867104110

9655 sasquatch the Destroyer (level 11, 0/74 HPs)
             Began as a Grey Draconian Fire Elementalist on May 18, 2023.
             Was an Elder of Sif Muna.
             Slain by Amaemon
             ... wielding a +0 demon whip of venom
              (15 damage)
             ... on level 2 of the Lair of Beasts.
             The game lasted 00:23:42 (12824 turns).

sasquatch the Destroyer (DrFE)                     Turns: 12824, Time: 00:23:42

Health: 0/74       AC: 16    Str: 12    XL:     11   Next: 25%
Magic:  4/22       EV: 12    Int: 19    God:    Sif Muna [****..]
Gold:   392        SH:  0    Dex: 11    Spells: 8/25 levels left

rFire   + + +        s - staff of conjuration "Duuvuept" {rF+ Will+}
rCold   x x .        (no shield)
rNeg    . . .        (body armour unavailable)
rPois   +            (helmet restricted)
rElec   .            t - +0 cloak {rPois}
rCorr   .            q - +2 pair of gloves
SInv    .            (no boots)
Will    +....        (no amulet)
Stlth   ++           u - ring of fire
HPRegen 0.32/turn    B - ring of fire
MPRegen 0.18/turn

%: no passive effects
@: no status effects
A: AC +12, amphibious, unfitting armour, cold-blooded
a: Renounce Religion, Channel Magic, Forget Spell, Divine Exegesis


You were on level 2 of the Lair of Beasts.
You worshipped Sif Muna.
Sif Muna was greatly pleased with you.
You visited 2 branches of the dungeon, and saw 11 of its levels.

You collected 392 gold pieces.

Inventory:

Hand Weapons
 l - a +0 dagger of electrocution
 K - a +0 dagger of venom
Missiles
 h - 18 poisoned darts
 A - 5 silver javelins
 F - a curare-tipped dart
Armour
 q - a +2 pair of gloves (worn)
 t - a +0 cloak of poison resistance (worn)
Magical Staves
 s - the staff of conjuration "Duuvuept" (weapon) {rF+ Will+}
   (You acquired it on level 9 of the Dungeon)

   [staff of conjuration]

   Base accuracy: +5 Base damage: 5 Base attack delay: 1.2 This weapon's minimum
   attack delay (0.6) is reached at skill level 12.
   rF:        It protects you from fire.
   Will:      It increases your willpower.
   It falls into the 'Staves' category.
   It is a one-handed weapon.
 v - a staff of cold
Jewellery
 u - a ring of fire (left hand)
 B - a ring of fire (right hand)
 G - an amulet of faith
 J - a +6 ring of intelligence
Wands
 o - a wand of paralysis (8)
 H - a wand of iceblast (11)
 L - a wand of digging (6)
Scrolls
 b - 2 scrolls of enchant weapon
 i - 3 scrolls of amnesia
 k - 2 scrolls of enchant armour
 w - 2 scrolls of poison
 x - 5 scrolls of teleportation
 y - a scroll of brand weapon {unknown}
 z - a scroll of vulnerability {unknown}
 C - a scroll of noise {unknown}
 D - 3 scrolls of fog {unknown}
 E - a scroll of blinking {unknown}
Potions
 a - 3 potions of magic
 c - a potion of berserk rage {unknown}
 d - 2 potions of might
 e - 3 potions of brilliance
 g - 8 potions of curing
 j - 4 potions of attraction
 m - a potion of haste {unknown}
 n - a potion of cancellation {unknown}
 p - a potion of resistance
 r - a potion of lignification {unknown}
 I - a potion of invisibility {unknown}


   Skills:
 - Level 1.7 Dodging
 - Level 1.7 Stealth
 + Level 7.9 Spellcasting
 + Level 11.3 Conjurations
 + Level 11.3 Fire Magic


You had 8 spell levels left.
You knew the following spells:

 Your Spells              Type           Power      Damage    Failure   Level
a - Foxfire               Conj/Fire      100%       2x1d9     1%          1
b - Scorch                Fire           100%       2d9       1%          2
c - Inner Flame           Hex/Fire       60%        N/A       2%          3
d - Volatile Blastmotes   Fire/Tloc      100%       2d18      2%          3
e - Flame Wave            Conj/Fire      100%       2d21      1%          4
f - Sticky Flame          Conj/Fire      100%       2d11      1%          4

Your spell library contained the following spells:

 Spells                   Type           Power      Damage    Failure   Level
 Magic Dart               Conj           100%       1d8       1%          1
 Searing Ray              Conj           100%       2d8       1%          2
 Iskenderun's Battlesphe  Conj           66%        2d12      2%          5
 Ignite Poison            Fire/Tmut/Pois 49%        N/A       6%          3
 Fulminant Prism          Conj/Hex       21%        3d12      9%          4
 Cigotuvi's Dreadful Rot  Necr/Pois/Air  14%        N/A       14%         2
 Freezing Cloud           Conj/Ice/Air   16%        6-21      47%         5
 Iron Shot                Conj/Erth      21%        9d5       80%         6
 Blade Hands              Tmut           3%         N/A       95%         5
 Ignition                 Fire           42%        3d12      99%         8
 Spellforged Servitor     Conj/Summ      21%        N/A       100%        7
 Animate Armour           Summ/Erth      Unusable   N/A       N/A         4

Dungeon Overview and Level Annotations

Branches:
Dungeon (9/15)             Temple (0/1) D:6            Lair (1/5) D:9
    Orc: D:9-12

Altars:
Fedhas
Gozag
Nemelex Xobeh
Okawaru
Ru
Sif Muna
Trog
Wu Jian
Yredelemnul
Zin

Shops:
D:4 *   D:7 [(([

Annotations:
D:5 exclusion: oklob plant
Lair:1 Harold
Lair:2 Amaemon


Innate Abilities, Weirdness & Mutations

Your dull iron-grey scales are very hard. (AC +12)
You are amphibious.
You cannot fit into any form of body armour.
You are cold-blooded and may be slowed by cold attacks.


Message History

The flame wave engulfs the wolf!
The wolf is severely wounded.
The flame wave engulfs the komodo dragon!
You kill the komodo dragon!
Sif Muna accepts your kill.
The flame wave engulfs Amaemon.
Amaemon resists.
Amaemon is heavily wounded. (Press . to intensify the flame waves.)
A nearby plant withers and dies. x2; The wolf completely misses you.
The blink frog blinks!
Amaemon hits you but does no damage. Amaemon claws you but does no damage.
Amaemon barely misses you. The wolf completely misses you.
A wave of flame ripples out!
The flame wave engulfs the wolf!!
You kill the wolf!
Sif Muna accepts your kill.
The flame wave engulfs Amaemon.
Amaemon resists.
Amaemon is heavily wounded.
The blink frog blinks!
Amaemon closely misses you. Amaemon claws you.
* * * LOW HITPOINT WARNING * * *
Amaemon tail-slaps you.
* * * LOW HITPOINT WARNING * * *
You are lethally poisoned!
Amaemon poisons you!
You feel better.
Amaemon hits you with a +0 demon whip of venom.
* * * LOW HITPOINT WARNING * * *
You are lethally poisoned!
Amaemon barely misses you. x2
You feel better.
Amaemon looks more healthy.
Amaemon closely misses you. Amaemon claws you but does no damage.
Amaemon closely misses you.
Casting: Flame Wave (dangerous; 1% risk of failure)
Confirm with . or Enter, or press ? or * to list all spells.
Aiming: Sticky Flame (dangerous; 1% risk of failure)
Press: ? - help, Shift-Dir - straight line, f - Amaemon
Aim: Amaemon, wielding a +0 demon whip of venom (heavily wounded, unusually resistant)
You feel a huge surge of power!
The sticky flame hits Amaemon.
Amaemon resists.
Amaemon is heavily wounded.
Amaemon is covered in liquid flames!
Amaemon burns!
Amaemon hits you with a +0 demon whip of venom!
You die...

.## .P.P# ..
..... .. ...
....####.#.
##.##..#.......
###...#.:#.......
.................
.....P.....F.....
#.......(..
#.†@6....>.
♣.##.†.(......
♣............
.~~.....#.......
~~~.....#..##.P#
~~P...$...... ..
~P............ .
(..........?...
.......... ....


You could see Amaemon (resistant, burning) and a blink frog.

Vanquished Creatures
  Pikel (D:5)
  An orange demon (Lair:2)
  A komodo dragon (Lair:2)
  A kobold demonologist (D:9)
  Prince Ribbit (D:6)
  2 hornets (D:8)
  Sigmund (D:5)
  A wraith (D:9)
  4 wyverns
  17 yaks
  A basilisk (D:9)
  6 water moccasins
  2 orc warriors
  3 ice beasts
  3 sky beasts (D:7)
  A wolf (Lair:2)
  2 lemures (D:5)
  5 phantoms
  2 centaurs
  4 kobold brigands
  3 bullfrogs
  4 scorpions
  7 wights
  4 killer bees
  A vampire bat (D:7)
  A howler monkey (D:8)
  4 hounds
  A gnoll bouda (D:8)
  2 orc priests
  4 iguanas (D:5)
  2 sleepcaps
  9 orc wizards
  Natasha (twice) (D:2)
  Robin (D:4)
  11 gnolls
  12 adders
  2 shadow imps (D:6)
  A white imp (D:6)
  An ufetubus (D:5)
  2 worms
  A dart slug (D:2)
  37 orcs
  11 bats
  4 endoplasms
  17 goblins
  11 hobgoblins
  9 jackals
  3 quokkas
  7 ball pythons
  4 frilled lizards
  20 kobolds
  9 rats
266 creatures vanquished.

Vanquished Creatures (others)
  A wizard (D:3)
  713 foxfires
714 creatures vanquished.

Grand Total: 980 creatures vanquished

Notes
Turn   | Place    | Note
-------+----------+-------------------------------------------
     0 | D:1      | sasquatch the Draconian Fire Elementalist began the quest
                  | for the Orb.
     0 | D:1      | Reached XP level 1. HP: 14/14 MP: 3/3
   496 | D:1      | Reached XP level 2. HP: 20/20 MP: 1/5
   553 | D:1      | Learned a level 2 spell: Scorch
  1234 | D:2      | Reached XP level 3. HP: 26/26 MP: 3/6
  1273 | D:2      | Found a basalt altar of Yredelemnul.
  1658 | D:2      | Learned a level 3 spell: Inner Flame
  1723 | D:2      | Reached XP level 4. HP: 33/33 MP: 3/7
  2167 | D:2      | Noticed Natasha
  2172 | D:2      | Killed Natasha
  2357 | D:2      | Noticed Natasha
  2361 | D:2      | Killed Natasha
  2452 | D:3      | You fall into a shaft and drop 3 floors!
  2461 | D:5      | Entered Level 5 of the Dungeon
  2468 | D:5      | Reached XP level 5. HP: 30/38 MP: 1/9
  2472 | D:5      | Learned a level 3 spell: Volatile Blastmotes
  2892 | D:3      | Reached XP level 6. HP: 36/45 MP: 0/10
  3065 | D:3      | Reached skill level 5 in Fire Magic
  3167 | D:3      | Found a faded altar of an unknown god.
  3397 | D:3      | Found a shimmering blue altar of Sif Muna.
  3398 | D:3      | Found an ornate altar of the Wu Jian Council.
  3399 | D:3      | Found an opulent altar of Gozag.
  3463 | D:3      | Became a worshipper of Sif Muna the Loreminder
  3515 | D:3      | Found a bloodstained altar of Trog.
  3517 | D:3      | Noticed a wizard
  3521 | D:3      | Killed a wizard
  4008 | D:4      | Found Ywiasen's Elemental Accessories.
  4755 | D:4      | Your scales start taking on a dull iron-grey colour.
  4755 | D:4      | Reached XP level 7. HP: 46/50 MP: 2/12
  4866 | D:4      | Learned a level 4 spell: Flame Wave
  4921 | D:4      | Identified the +1 helmet "Puar" {rCorr Int+4}
  4921 | D:4      | Noticed Robin
  4923 | D:4      | Reached * piety under Sif Muna
  4926 | D:4      | Killed Robin
  5177 | D:5      | Reached skill level 5 in Conjurations
  5301 | D:5      | Noticed Sigmund
  5316 | D:5      | Killed Sigmund
  5502 | D:5      | Noticed Pikel
  5577 | D:5      | Killed Pikel
  5578 | D:5      | Reached XP level 8. HP: 57/57 MP: 5/14
  6090 | D:5      | Found a blossoming altar of Fedhas.
  6101 | D:5      | Noticed an oklob plant
  6921 | D:5      | Reached skill level 5 in Spellcasting
  6929 | D:5      | Learned a level 4 spell: Sticky Flame
  7157 | D:6      | Found a staircase to the Ecumenical Temple.
  7215 | D:6      | Reached XP level 9. HP: 62/62 MP: 5/16
  7617 | D:6      | Found a sparkling altar of Nemelex Xobeh.
  7689 | D:6      | Noticed Prince Ribbit
  7697 | D:6      | Killed Prince Ribbit
  7991 | D:7      | Reached ** piety under Sif Muna
  8342 | D:7      | Found Kewkiti's Weapon Shop.
  8346 | D:7      | Found Rif Uhon's Antique Armour Shop.
  8346 | D:7      | Found Begyha's Antique Armour Shop.
  8415 | D:7      | Found Buppehuch's Weapon Shop.
  9947 | D:8      | Reached XP level 10. HP: 64/69 MP: 13/19
 10160 | D:8      | Reached skill level 10 in Conjurations
 10160 | D:8      | Reached skill level 10 in Fire Magic
 10541 | D:8      | Reached *** piety under Sif Muna
 11060 | D:8      | Found a glowing silver altar of Zin.
 11066 | D:8      | Found an iron altar of Okawaru.
 11071 | D:8      | Found a sacrificial altar of Ru.
 11262 | D:9      | Identified a scroll of acquirement
 11298 | D:9      | Noticed a rust devil
 11445 | D:9      | Acquired a +0 cloak of poison resistance
 12118 | D:9      | Reached XP level 11. HP: 74/74 MP: 16/22
 12171 | D:9      | Found a staircase to the Lair.
 12440 | D:9      | Reached **** piety under Sif Muna
 12743 | D:9      | Acquired the staff of conjuration "Duuvuept" {rF+ Will+}
 12804 | Lair:1   | Entered Level 1 of the Lair of Beasts
 12804 | Lair:1   | Noticed Harold
 12804 | Lair:1   | You fall into a shaft and drop 1 floor!
 12804 | Lair:2   | Noticed Amaemon
 12821 | Lair:2   | HP: 2/74 [Amaemon/+0 demon whip of venom (5)]
 12824 | Lair:2   | Slain by Amaemon

Illustrated notes

Levels and vault maps discovered:
D:1:      amcnicky_arrival_flooded_fountain, layout_loops_ring
D:2:      layout_loops_corners, basic_altar, chequers_garden,
          hangedman_decor_opposing, solitary_fountain, minmay_unequal,
          uniq_natasha
D:3:      minmay_inner_zag, layout_rooms, trog_wizard,
          chequers_temple_overflow_statue_of_worship,
          shapermc_ecumenical_altar_pompeii, minmay_fractal_squares_gapless_5
D:4:      layout_basic, nicolae_elemental_shop, minmay_misc_feat_secret_circle,
          kennysheep_generic_room_10, uniq_robin
D:5:      layout_basic, tgw_fedhas, amcnicky_mini_pool_small, st_stairs_4,
          corexii_checkpoint_b, hangedman_decor_slide_cut,
          kennysheep_decorative_pillar, uniq_sigmund, uniq_pikel
D:6:      layout_cave_pools, nemelex_diamond_rough_becter, temple_fountains,
          uniq_prince_ribbit1
D:7:      layout_layer_cave, chequers_decorated_corner, roderic_batcave,
          minmay_shop_grid_forest, minmay_hedge_maze
D:8:      layout_loops_ring, minmay_overflow_temple_star_quad
D:9:      layout_irregular_city, minmay_lair_entry_grove, grunt_decor_arrowhead,
          glass_columns_a
Lair:1:   kb_forest_paths, layout_cave_pods, uniq_harold
Lair:2:   wad_woods_structure_01, layout_regular_city,
          nicolae_swamp_entry_spooky, spider_nest_entry_rubble, serial_bayou,
          serial_bayou_pond_b, serial_bayou_crossing, serial_bayou_pond_e,
          serial_bayou_shore_b, cheibrodos_lair_reptile_den, uniq_amaemon

Skill      XL: |  1  2  3  4  5  6  7  8  9 10 |
---------------+-------------------------------+-----
Conjurations   | 2 3 4 6 7 9 11 | 11.3
Fire Magic     | 4 5 7 8 9 11 | 11.3
Spellcasting   | 3 4 5 6 7 |  7.9
Dodging        | |  1.7
Stealth        | |  1.7

Action                     |  1- 3 |  4- 6 |  7- 9 | 10-12 || total
---------------------------+-------+-------+-------+-------++-------
  Melee: Unarmed           |       |    12 |       |       ||    12
         Dagger            |       |    19 |    29 |    19 ||    67
         Tailslap          |       |     2 |     6 |     6 ||    14
         Punch             |       |       |     1 |       ||     1
  Throw: Dart              |       |       |       |     4 ||     4
   Cast: Foxfire           |    62 |   132 |   174 |    73 ||   441
         Scorch            |     2 |    18 |    42 |    27 ||    89
         Flame Wave        |       |       |     4 |    10 ||    14
         Sticky Flame      |       |       |    11 |    29 ||    40
    Use: Scroll            |       |     5 |     3 |     5 ||    13
         Potion            |       |       |     1 |     5 ||     6
 Armour: Skin              |       |    23 |    36 |    51 ||   110
  Dodge: Dodged            |       |    27 |    52 |    59 ||   138
